 Dungeon Crawl Stone Soup version 0.31.0-12-g77e489cdc1 (webtiles) character file.

Game seed: 17282426156705277217

157 PaiMei the Grave Robber (level 5, -3/38 HPs)
             Began as a Demonspawn Necromancer on Mar 6, 2024.
             Shot with an arrow by a centaur (8 damage)
             ... on level 4 of the Dungeon.
             The game lasted 00:04:40 (3344 turns).

PaiMei the Grave Robber (Demonspawn Necromancer)    Turns: 3344, Time: 00:04:40

Health: -3/38      AC:  3    Str:  8    XL:     5   Next: 15%
Magic:  9/9        EV: 12    Int: 18    God:
Gold:   182        SH:  8    Dex: 13    Spells: 6/10 levels left

rFire   . . .        i - +0 flail (protect)
rCold   . . .        (no shield)
rNeg    . . .        a - +0 robe
rPois   .            (no helmet)
rElec   .            (no cloak)
rCorr   .            p - +0 pair of gloves
SInv    +            (no boots)
Will    .....        (no amulet)
Stlth   ++           q - ring of see invisible
HPRegen 0.26/turn    (no ring)
MPRegen 0.11/turn

%: no passive effects
@: no status effects
A: large bone plates 1, condensation shield, weakness stinger 1
a: no special abilities


You were on level 4 of the Dungeon.
You visited 1 branch of the dungeon, and saw 4 of its levels.

You collected 182 gold pieces.

Inventory:

Hand Weapons
 i - a +0 flail of protection (weapon)
Missiles
 c - 3 poisoned darts (quivered)
Armour
 a - a +0 robe (worn)
 p - a +0 pair of gloves (worn)
Jewellery
 q - a ring of see invisible (left hand)
Wands
 l - a wand of flame (13)
Scrolls
 g - a scroll of torment {unknown}
 h - 5 scrolls of identify {unknown}
 j - a scroll of teleportation {unknown}
 k - a scroll of noise {unknown}
 m - a scroll of blinking {unknown}
Potions
 b - a potion of magic
 d - 2 potions of attraction {unknown}
 e - a potion of cancellation {unknown}
 f - 2 potions of curing {unknown}
 n - 2 potions of mutation {unknown}
 o - a potion of degeneration {unknown}
 r - a potion of enlightenment {unknown}


   Skills:
 + Level 2.0 Fighting
 + Level 2.8 Dodging
 - Level 2.0 Stealth
 + Level 3.0 Spellcasting
 + Level 5.2 Necromancy


You had 6 spell levels left.
You knew the following spells:

 Your Spells              Type           Power      Damage    Failure   Level
a - Necrotise             Necr           84%        1d8       1%          1
b - Vampiric Draining     Necr           21%        2d7       6%          3

Your spell library contained the following spells:

 Spells                   Type           Power      Damage    Failure   Level
 Cigotuvi's Dreadful Rot  Necr/Alch/Air  16%        N/A       12%         2
 Foxfire                  Conj/Fire      8%         2x1d4     16%         1
 Slow                     Hex            8%         N/A       16%         1
 Summon Small Mammal      Summ           8%         N/A       16%         1
 Animate Dead             Necr           21%        N/A       19%         4
 Lesser Beckoning         Tloc           4%         N/A       24%         2
 Gell's Gravitas          Tloc           2%         N/A       43%         3
 Hailstorm                Conj/Ice       2%         3d5       43%         3
 Summon Ice Beast         Ice/Summ       2%         N/A       43%         3
 Teleport Other           Tloc           2%         N/A       43%         3
 Curse of Agony           Necr           21%        N/A       47%         5
 Ignite Poison            Fire/Alch      2%         N/A       85%         4
 Freezing Cloud           Conj/Ice/Air   1%         6-21      99%         5
 Sculpt Simulacrum        Ice/Alch       1%         N/A       100%        6


Dungeon Overview and Level Annotations

Branches:
Dungeon (4/15)
 Temple: D:4-7

Altars:
Wu Jian


Innate Abilities, Weirdness & Mutations

You are partially covered in large bone plates. (SH +4)
A meltable shield of frost defends you. (SH +4)
You have a small tail.


Message History

Press: ? - help, Shift-Dir - straight line, f - goblin
Aim: a goblin, wielding a +0 dagger (ally target, chance to affect: 90%)
The goblin writhes in agony!
You kill the goblin!
The dead are walking!
Casting: Necrotise (safe; 1% risk of failure)
Confirm with . or Enter, or press ? or * to list all spells.
You can't see any susceptible monsters within range! (Use Z to cast anyway.)
Casting: Necrotise (safe; 1% risk of failure)
Confirm with . or Enter, or press ? or * to list all spells.
You can't see any susceptible monsters within range! (Use Z to cast anyway.)
Casting: Necrotise (safe; 1% risk of failure)
Confirm with . or Enter, or press ? or * to list all spells.
You can't see any susceptible monsters within range! (Use Z to cast anyway.)
Casting: Necrotise (safe; 1% risk of failure)
Confirm with . or Enter, or press ? or * to list all spells.
You can't see any susceptible monsters within range! (Use Z to cast anyway.)
Your hobgoblin skeleton crumbles into dust!
q - a ring of see invisible
q - a ring of see invisible (left hand)
You see here a +0 dagger.
r - a brown potion You swap places.
Your goblin skeleton crumbles into dust!
Found a chain mail.
Found 3 stones.
h - 5 scrolls labelled XOGOSESHROEWK (gained 1)
Found a helmet.
A centaur comes into view.
The centaur shouts!
The centaur wields a +0 shortbow.
The centaur shoots an arrow.
The arrow hits you.
The centaur shoots an arrow.
The arrow hits you.
The centaur shoots an arrow.
The arrow hits you!
The centaur shoots an arrow.
The arrow closely misses you.
The centaur shoots an arrow.
The arrow hits you!
The centaur shoots an arrow.
The arrow hits you!
* * * LOW HITPOINT WARNING * * *
The centaur shoots an arrow.
You block the arrow.
The centaur shoots an arrow.
The arrow hits you!
You die...

##....# ♣♣ ....#.### .♣♣
.[......# ♣♣.♣♣
......#(# ♣.P.♣♣
...##.#.# ♣PPP.♣
...##.#.# ##..##
......#.###....##
..##............########
..###.#.#####.[.@..c....
..###.#.# ############
........# #.....###
#######


You could see a centaur.

Vanquished Creatures
  Ijyb (D:3)
  4 gnolls (D:2)
  3 adders (D:2)
  A dart slug (D:1)
  A ribbon worm (D:2)
  5 ball pythons
  4 endoplasms
  13 giant cockroaches
  7 goblins
  5 hobgoblins
  5 kobolds
  A quokka (D:1)
  4 bats
  5 frilled lizards
  5 rats
64 creatures vanquished.

Vanquished Creatures (collateral kills)
  A bat (D:1)
  A kobold (D:1)
2 creatures vanquished.

Grand Total: 66 creatures vanquished

Notes
Turn   | Place    | Note
-------+----------+-------------------------------------------
     0 | D:1      | PaiMei the Demonspawn Necromancer began the quest for the
                  | Orb.
     0 | D:1      | Reached XP level 1. HP: 13/13 MP: 3/3
   228 | D:1      | Gained mutation: You are partially covered in large bone
                  | plates. (SH +4) [demonic ancestry]
   228 | D:1      | Reached XP level 2. HP: 19/19 MP: 0/5
  1069 | D:2      | Reached XP level 3. HP: 25/25 MP: 2/6
  1548 | D:2      | Reached skill level 1 in Fighting
  1643 | D:2      | Found an ornate altar of the Wu Jian Council.
  1737 | D:2      | Gained mutation: You have a small tail. [demonic ancestry]
  1737 | D:2      | Reached XP level 4. HP: 32/32 MP: 1/7
  1851 | D:2      | Reached skill level 5 in Necromancy
  2252 | D:2      | Got The Mind of the Magus 101
  2902 | D:3      | Noticed Ijyb
  2914 | D:3      | Killed Ijyb
  2915 | D:3      | Gained mutation: A meltable shield of frost defends you.
                  | (SH +4) [demonic ancestry]
  2915 | D:3      | Reached XP level 5. HP: 23/38 MP: 1/9
  3241 | D:4      | Learned a level 3 spell: Vampiric Draining
  3340 | D:4      | Noticed a centaur
  3344 | D:4      | Shot with an arrow by a centaur

Illustrated notes

Levels and vault maps discovered:
D:1:      dpeg_arrival_tiny_k, layout_basic, nicolae_the_louvre
D:2:      minmay_roachtagon, layout_basic, basic_altar
D:3:      layout_rooms, nicolae_kite_square_tiling_tiny, uniq_ijyb
D:4:      layout_loops_corners, mainiacjoe_overflow_concentric_impassable,
          uniq_crazy_yiuf_cottage

Skill      XL: |  1  2  3  4 |
---------------+-------------+-----
Stealth        | 2 |  2.0
Dodging        | 2 |  2.8
Fighting       | 1 2 |  2.0
Necromancy     | 5 |  5.2
Spellcasting   | 3 |  3.0

Action                     |  1- 3 |  4- 6 || total
---------------------------+-------+-------++-------
  Melee: Unarmed           |     6 |       ||     6
         Spear             |     3 |     1 ||     4
         Flail             |       |    48 ||    48
         Tailslap          |       |     7 ||     7
   Cast: Necrotise         |    61 |    43 ||   104
   Stab: Sleeping          |       |     1 ||     1
 Armour: Robe              |    14 |    38 ||    52
  Dodge: Dodged            |    15 |    47 ||    62
  Block: Other             |     1 |    10 ||    11
